 Dungeon Crawl Stone Soup version 0.20.1-1-g8b1a95d (webtiles) character file.

301 Oilrag the Shooter (level 6, -3/48 HPs)
             Began as a Human Hunter on July 5, 2017.
             Killed from afar by Blork the orc (7 damage)
             ... with a magic dart
             ... on level 3 of the Dungeon.
             The game lasted 01:27:41 (4848 turns).

Oilrag the Shooter (Human Hunter)                   Turns: 4848, Time: 01:27:41

Health: -3/48      AC: 10    Str: 13    XL:     6   Next: 64%
Magic:  6/6        EV: 10    Int: 11    God:
Gold:   146        SH:  0    Dex: 15    Spells: 5/5 levels left

rFire    + . .     SeeInvis .   H - +0 dagger (venom)
rCold    . . .     Gourm    .   (no shield)
rNeg     . . .     Faith    .   k - +3 scale mail {rF+}
rPois    .         Spirit   .   U - +0 helmet
rElec    .         Reflect  .   (no cloak)
rCorr    .         Harm     .   (no gloves)
MR       .....                  (no boots)
Stlth    +.........             (no amulet)
Regen    0.2/turn               (no ring)
MPRegen  0.1/turn               (no ring)

@: no status effects
A: no striking features
a: no special abilities


You were on level 3 of the Dungeon.
You were not hungry.

You visited 1 branch of the dungeon, and saw 4 of its levels.

You collected 146 gold pieces.

Inventory:

Hand Weapons
 a - a +1 shortbow
 b - a +0 short sword
 f - a +0 short sword
 h - a +0 hand axe
 n - a +0 mace
 q - a +0 club
 t - a +0 club
 u - a +0 hunting sling
 v - a +0 mace
 x - a cursed -1 flail
 z - a +0 short sword
 B - a -3 halberd
 C - a +0 spear
 E - a +0 flail
 G - a +0 dagger
 H - a +0 dagger of venom (weapon)
 J - a cursed +0 mace
 M - a +0 club
 P - a +0 club
 Q - a +0 club
 R - a +0 club
 S - a +0 spear
 V - a +0 club
 Y - a +0 club
 Z - a +0 club
Missiles
 d - 55 arrows
 m - 131 stones (quivered)
 p - 4 tomahawks
 D - a throwing net
Armour
 c - a +0 leather armour
 i - a +0 scale mail
 j - a +0 ring mail
 k - a +3 scale mail of fire resistance (worn)
 o - a +0 leather armour
 I - a +0 ring mail
 T - a cursed +0 animal skin
 U - a +0 helmet (worn)
Wands
 N - a wand of polymorph (0/24)
Scrolls
 s - a scroll of amnesia {unknown}
 w - 2 scrolls of teleportation {unknown}
 A - a scroll of remove curse
 L - 2 scrolls of identify {unknown}
 W - a scroll of fog {unknown}
 X - 2 scrolls of random uselessness {unknown}
Potions
 e - a potion of resistance
 g - a potion of heal wounds
 l - a potion of might {unknown}
 y - 2 potions of berserk rage {unknown}
Comestibles
 O - 2 royal jellies


   Skills:
 + Level 3.8 Fighting
 + Level 5.0 Bows
 + Level 3.6 Dodging
 + Level 3.3 Stealth


You had 5 spell levels left.
You didn't know any spells.

Dungeon Overview and Level Annotations

Branches:
Dungeon (4/15)
 Temple: D:4-7

Altars:
Elyvilon

Annotations:
D:3 Blork the orc


Message History

Blork the orc yells loudly.
Blork the orc miscasts a cantrip.
Blork the orc suddenly grunts.
Blork the orc gestures at you while chanting.
The puff of frost hits you!
* * * LOW HITPOINT WARNING * * *
Blork the orc miscasts a cantrip.
Blork the orc points at you and mumbles some strange words.
The puff of frost hits you!
* * * LOW HITPOINT WARNING * * *
Your +0 dagger of venom begins to drip with poison!
H - a +0 dagger of venom (weapon)
Blork the orc looks satisfied for a moment.
Blork the orc gestures at you while chanting.
The puff of flame hits you!
Blork the orc casts a spell.
Blork the orc seems to speed up.
Blork the orc gestures at you while chanting.
The magic dart hits you!
You die...

..........# #.#
...#.####.# #.#
_.........# #.#
...#.###### #o#
.....# #.# #.# .⌠.#.#
#.# #.# .....# #.#
#.#
...#.####.#########.#
................@.o.#
......###############
#######


You could see Blork the orc.

Vanquished Creatures
  Terence (D:2)
  Natasha (thrice) (D:3)
  Robin (D:3)
  4 gnolls (D:2)
  6 adders
  An adder zombie (D:3)
  4 worms
  3 dart slugs
  A leopard gecko (D:2)
  7 bats
  12 goblins
  12 hobgoblins
  4 jackals
  3 quokkas (D:3)
  5 frilled lizards
  9 kobolds
  9 rats
85 creatures vanquished.

Notes
Turn   | Place    | Note
-------+----------+-------------------------------------------
     0 | D:1      | Oilrag the Human Hunter began the quest for the Orb.
     0 | D:1      | Reached XP level 1. HP: 16/16 MP: 1/1
   252 | D:1      | Reached XP level 2. HP: 22/22 MP: 2/2
   680 | D:1      | Reached XP level 3. HP: 28/28 MP: 3/3
   927 | D:2      | Noticed Terence
   970 | D:2      | Killed Terence
   970 | D:2      | Reached XP level 4. HP: 11/34 MP: 4/4
  1586 | D:2      | Reached XP level 5. HP: 11/41 MP: 5/5
  2995 | D:3      | Noticed Robin
  3137 | D:3      | Noticed Natasha
  3175 | D:3      | Killed Natasha
  3261 | D:3      | Noticed Natasha
  3294 | D:3      | Killed Natasha
  3294 | D:3      | Reached XP level 6. HP: 43/47 MP: 6/6
  3336 | D:3      | Noticed Natasha
  3360 | D:3      | Killed Natasha
  3572 | D:3      | Killed Robin
  4273 | D:3      | Reached skill level 5 in Bows
  4367 | D:3      | Found a white marble altar of Elyvilon.
  4730 | D:4      | Noticed Blork the orc
  4827 | D:3      | HP: 1/48 [Blork the orc/puff of frost (9)]
  4848 | D:3      | Killed from afar by Blork the orc

Skill      XL: |  1  2  3  4  5  6 |
---------------+-------------------+-----
Stealth        | 2 3 |  3.3
Fighting       | 3 |  3.8
Dodging        | 3 |  3.6
Bows           | 5 |  5.0

Action                   |  1- 3 |  4- 6 || total
-------------------------+-------+-------++-------
Melee: Shortbow          |     2 |       ||     2
       Short sword       |    25 |       ||    25
       Hand axe          |       |    23 ||    23
       Spear             |       |    19 ||    19
       Halberd           |       |    21 ||    21
       Dagger            |       |    17 ||    17
 Fire: Shortbow          |    53 |   156 ||   209
       Hunting sling     |       |    85 ||    85
Throw: Stone             |     3 |    12 ||    15
  Use: Potion            |     2 |     2 ||     4
       Scroll            |       |     2 ||     2
  Eat: Meat ration       |     1 |     1 ||     2
       Bread ration      |       |     1 ||     1
Armor: Leather armour    |     1 |       ||     1
       Scale mail        |    15 |   123 ||   138
Dodge: Dodged            |    23 |   156 ||   179
